 Dungeon Crawl Stone Soup version 0.26.0-10-g1f06aea511 (webtiles) character file.

Game seed: 15882027487853239561

22069 Borgoz the Fighter (level 12, -16/80 HPs)
             Began as a Gargoyle Berserker on Jan 18, 2021.
             Was a High Priest of Trog.
             Demolished by a death knight
             ... wielding a +4 glaive
              (24 damage)
             ... on level 13 of the Dungeon.
             The game lasted 00:21:29 (15018 turns).

Borgoz the Fighter (Gargoyle Berserker)            Turns: 15018, Time: 00:21:29

Health: -16/80     AC: 23    Str: 26    XL:     12   Next: 96%
Magic:  4/4        EV: 16    Int:  7    God:    Trog [*****.]
Gold:   288        SH:  5    Dex: 15    Spells: 11/11 levels left

rFire    + . .     SeeInvis +   D - +6 dire flail (antimagic)
rCold    . . .     Faith    .   (shield currently unavailable)
rNeg     + . .     Spirit   .   u - +0 scale mail {rF+}
rPois    ∞         Reflect  +   s - +2 helmet
rElec    +         Harm     .   e - +1 cloak
rCorr    .         Rampage  .   (no gloves)
Will     ++++.                  (no boots)
Stlth    ..........             K - amulet of Tempters {Reflect +Fly Will+ Str+3 Dex+2 SH+5}
HPRegen  1.23/turn              l - ring of see invisible
MPRegen  0.09/turn              C - ring of willpower

@: regenerating
A: negative energy resistance 1, electricity resistance, unbreathing,
petrification resistance, miasma immunity, AC +8
a: Renounce Religion, Evoke Flight, Berserk, Trog's Hand, Brothers in Arms


You were on level 13 of the Dungeon.
You worshipped Trog.
Trog was extremely pleased with you.
You visited 1 branch of the dungeon, and saw 13 of its levels.
You also visited: Sewer and Ossuary.

You collected 1047 gold pieces.
You spent 759 gold pieces at shops.

Inventory:

Hand Weapons
 a - a +8 great mace of flaming
 B - the +3 war axe of the Hierophant {pain, rElec Will+ Str+3, unknown}
   (You found it on level 10 of the Dungeon)

   In the hands of one skilled in necromantic magic, it inflicts extra damage on
   living creatures.
   It affects your strength (+3).
   It insulates you from electricity.
   It affects your willpower, your defense against some magical effects.
   Trog disapproves of the use of such an item.
 D - a +6 antimagic dire flail (weapon)
 H - the +2 dagger of the Five Stars {venom, Dex+6, unknown}
   (You found it on level 12 of the Dungeon)

   It poisons the flesh of those it strikes.
   It affects your dexterity (+6).
Armour
 e - a +1 cloak (worn)
 s - a +2 helmet (worn)
 u - a +0 scale mail of fire resistance (worn)
Magical Staves
 G - an uncursed staff of poison {unknown}
Jewellery
 j - an uncursed ring of ice
 l - a ring of see invisible (left hand)
 C - a ring of willpower (right hand)
 K - the amulet of Tempters (around neck) {Reflect +Fly Will+ Str+3 Dex+2 SH+5}
   (You bought it in a shop on level 7 of the Dungeon)

   [amulet of reflection]

   It shields you and reflects attacks.
   It affects your strength (+3).
   It affects your dexterity (+2).
   It affects your willpower, your defense against some magical effects.
   It lets you fly.
   It affects your SH (+5).
Wands
 h - a wand of paralysis (8)
 r - a wand of flame (42)
 v - a wand of acid (5)
 y - a wand of digging (11)
Scrolls
 d - 7 scrolls of remove curse
 f - 3 scrolls of fog
 g - a scroll of teleportation
 m - 2 scrolls of magic mapping
 n - 3 scrolls of enchant weapon
 w - 2 scrolls of holy word
 A - a scroll of blinking
 F - a scroll of vulnerability {unknown}
 J - a scroll of enchant armour {unknown}
Potions
 c - 2 potions of heal wounds
 i - 5 potions of curing
 k - a potion of cancellation
 o - 3 potions of magic
 p - 3 potions of mutation
 q - 2 potions of ambrosia
 t - 2 potions of might
 x - 3 potions of invisibility
 z - 4 potions of flight


   Skills:
 + Level 11.4 Fighting
 * Level 11.3 Maces & Flails
 + Level 11.2 Armour
 * Level 9.4 Dodging
 - Level 4.0 Shields


You had 11 spell levels left.
You didn't know any spells.
Your spell library was empty.

Dungeon Overview and Level Annotations

Branches:
Dungeon (13/15)            Temple (0/1) D:7            Lair (0/6) D:8
    Orc (0/2) D:9           Sewer (visited)         Ossuary (visited)
 Vaults: D:13-14

Altars:
Ashenzari
Gozag
Hepliaklqana
Kikubaaqudgha
Nemelex Xobeh
Qazlal
Ru
Trog
Uskayaw
Vehumet
Wu Jian
Xom
Yredelemnul
The Shining One
Lugonu

Shops:
D:7 =   D:9 (*[*   D:12 *[(


Innate Abilities, Weirdness & Mutations

You are resistant to torment.
Your stone body is resilient. (AC +8)
You are immune to poison.
You resist negative energy. (rN+)
You are resistant to electric shocks. (rElec)
You can survive without breathing.
You are immune to petrification.
You are immune to miasma.


Message History

You feel strong-willed.
You block the vampire mosquito's attack.
The death knight hits you with a +4 glaive!!
* * * LOW HITPOINT WARNING * * *
The vampire mosquito completely misses you.
You hear an angry buzzing noise.
As you read the scroll of teleportation, it crumbles to dust.
You feel strangely unstable.
You hear a shout!
The vampire mosquito closely misses you.
The vampire mosquito completely misses you.
A freezing wraith comes into view.
The death knight offers itself to Yredelemnul, and fills with unholy energy.
The vampire mosquito bites you but does no damage.
The vampire mosquito bites you!
* * * LOW HITPOINT WARNING * * *
Your surroundings seem slightly different.
The vampire mosquito bites you but does no damage.
The death knight hits you from afar with a +4 glaive!!
You die...

# ####)##### #).#### ##
##..).# #. ####)# #.
#####'# ####.#######
#...... #..........#
#...... #........§.#
#...... #.......@.)#####
#..(...
#......y..)....####.(....
#....).p...###....'....[.
#....).....# ######......
####W.###### ####'## #.##
#.# ... #.# #... #.# #...
#.##


You could see a death knight (reflects damage), a freezing wraith and a vampire
mosquito.

Vanquished Creatures
  Snorg (D:11)
  4 hydras
  3 boulder beetles
  3 two-headed ogres
  Nergalle (D:10)
  Pikel (D:5)
  An orc knight (D:13)
  2 manticores (D:13)
  A cyclops (D:13)
  A deep elf mage (D:13)
  An elephant (D:8)
  Joseph (D:7)
  Psyche (D:8)
  4 trolls
  Prince Ribbit (D:6)
  2 wraiths (D:13)
  A wyvern (D:8)
  Eustachio (D:5)
  2 basilisks
  Edmund (D:5)
  Duvessa (D:4)
  A water moccasin (D:10)
  A black bear (D:8)
  16 orc warriors
  4 ice beasts
  9 ogres
  6 sky beasts
  3 phantoms
  7 centaurs
  2 big kobolds
  11 bullfrogs
  An elf zombie (Ossuary)
  Dowan (D:4)
  2 scorpions
  5 killer bees (D:9)
  6 electric eels (D:12)
  A howler monkey (D:4)
  2 vampire bats (D:8)
  2 centaur zombies
  A quasit (D:13)
  A bullfrog skeleton (D:7)
  6 hounds
  A human zombie (Ossuary)
  13 orc priests
  Crazy Yiuf (D:4)
  3 centaur skeletons
  3 jellies
  14 orc wizards
  2 iguanas
  12 worker ants
  Terence (D:3)
  A big kobold zombie (Ossuary)
  A hound skeleton (D:8)
  4 mummies (Ossuary)
  8 gnolls
  14 adders
  2 white imps
  An ooze (D:1)
  An adder zombie (Ossuary)
  2 adder skeletons
  6 worms
  6 dart slugs
  11 leopard geckos
  64 orcs
  2 bat skeletons (D:8)
  3 bat zombies (D:8)
  11 giant cockroaches
  A gnoll zombie (Ossuary)
  11 goblins
  6 hobgoblins
  7 jackals
  4 quokkas
  2 ball pythons (Sewer)
  10 bats
  9 frilled lizards
  2 goblin zombies (Ossuary)
  A jackal skeleton (D:8)
  A jackal zombie (Ossuary)
  17 kobolds
  2 kobold zombies (Ossuary)
  2 orc zombies (Ossuary)
  A quokka zombie (D:6)
  8 rats
  A spectral orc (D:3)
394 creatures vanquished.

Vanquished Creatures (others)
  2 plants
2 creatures vanquished.

Grand Total: 396 creatures vanquished

Notes
Turn   | Place    | Note
-------+----------+-------------------------------------------
     0 | D:1      | Borgoz the Gargoyle Berserker began the quest for the Orb.
     0 | D:1      | Reached XP level 1. HP: 14/14 MP: 1/1
   192 | D:1      | Reached XP level 2. HP: 18/19 MP: 2/2
   473 | D:1      | Reached XP level 3. HP: 23/23 MP: 3/3
   476 | D:1      | Reached ** piety under Trog
   999 | D:2      | Reached XP level 4. HP: 22/29 MP: 4/4
  1148 | D:2      | Found a radiant altar of Vehumet.
  1148 | D:2      | Found a shimmering altar of Xom.
  1228 | D:2      | Reached skill level 1 in Shields
  1301 | D:2      | Reached XP level 5. HP: 33/33 MP: 5/5
  1854 | D:2      | Reached *** piety under Trog
  2106 | D:3      | Found a basalt altar of Yredelemnul.
  2248 | D:3      | Found a stormy altar of Qazlal.
  2358 | D:3      | Found a hazy altar of Hepliaklqana.
  2392 | D:3      | You fall into a shaft and drop 3 floors!
  2393 | D:6      | Noticed a sky beast
  2422 | D:6      | Killed a sky beast
  2423 | D:6      | Reached XP level 6. HP: 39/39 MP: 6/6
  2435 | D:6      | Noticed Prince Ribbit
  2464 | D:6      | Killed Prince Ribbit
  2465 | D:6      | Reached XP level 7. HP: 42/44 MP: 7/7
  2468 | D:6      | Reached skill level 5 in Fighting
  2578 | D:6      | Found a glowing drain.
  2611 | D:6      | Reached **** piety under Trog
  2617 | Sewer    | Entered a sewer
  2903 | Sewer    | Reached XP level 8. HP: 42/50 MP: 8/8
  2906 | Sewer    | Reached skill level 5 in Maces & Flails
  2906 | Sewer    | Reached skill level 5 in Armour
  3237 | D:5      | Entered Level 5 of the Dungeon
  3321 | D:5      | Found an ornate altar of the Wu Jian Council.
  3370 | D:5      | Noticed Eustachio
  3383 | D:5      | Noticed Pikel
  3388 | D:5      | Killed Eustachio
  3398 | D:5      | Noticed Edmund
  3401 | D:5      | Killed Pikel
  3414 | D:5      | Killed Edmund
  3415 | D:5      | Reached XP level 9. HP: 56/56 MP: 9/9
  3489 | D:5      | Found a sparkling altar of Nemelex Xobeh.
  3766 | D:4      | Found a sand-covered staircase.
  3772 | Ossuary  | Entered an ossuary
  3799 | Ossuary  | Reached skill level 5 in Dodging
  4265 | D:3      | Noticed Terence
  4273 | D:3      | Killed Terence
  4518 | D:3      | Reached ***** piety under Trog
  4739 | D:4      | Noticed Duvessa
  4743 | D:4      | Noticed Dowan
  4754 | D:4      | Killed Duvessa
  4759 | D:4      | Killed Dowan
  4855 | D:4      | Found a runed translucent door.
  4856 | D:4      | Noticed Crazy Yiuf
  5390 | D:4      | Killed Crazy Yiuf
  5499 | D:5      | Found a glowing golden altar of the Shining One.
  6492 | D:7      | Reached XP level 10. HP: 50/64 MP: 10/10
  6618 | D:7      | Found Ukeitt's Jewellery Shoppe.
  6757 | D:7      | Noticed a boulder beetle
  6769 | D:7      | Killed a boulder beetle
  6852 | D:7      | Noticed Joseph
  6867 | D:7      | Killed Joseph
  6938 | D:7      | Noticed a seven-headed hydra
  6944 | D:7      | Killed a seven-headed hydra
  7212 | D:7      | Found a staircase to the Ecumenical Temple.
  7299 | D:7      | Found a bloodstained altar of Trog.
  7713 | D:8      | Found a hide-covered altar of Uskayaw.
  7797 | D:8      | Noticed an elephant
  7806 | D:8      | Killed an elephant
  7820 | D:8      | Found a staircase to the Lair.
  7832 | D:8      | Reached XP level 11. HP: 43/71 MP: 11/11
  8096 | D:8      | Noticed Psyche
  8103 | D:8      | Killed Psyche
  8341 | D:8      | Received a gift from Trog
  8351 | D:8      | Found an ancient bone altar of Kikubaaqudgha.
  8513 | D:9      | Found Toafe's Antique Armour Shop.
  8553 | D:9      | Found Xoeducrimm's General Store.
  8767 | D:9      | Found Atummor's Assorted Antiques.
  8770 | D:9      | Bought a dark potion for 31 gold pieces
  8770 | D:9      | Bought a golden potion for 31 gold pieces
  8770 | D:9      | Bought a scroll labelled JAR FUYWUM YGE for 35 gold pieces
  8871 | D:9      | Found a staircase to the Orcish Mines.
  9131 | D:9      | Found Foloen's Antique Weapon Emporium.
  9257 | D:10     | Entered Level 10 of the Dungeon
  9446 | D:9      | Reached ****** piety under Trog
  9526 | D:10     | Reached skill level 10 in Fighting
  9901 | D:10     | Found a shimmering altar of Xom.
  9951 | D:10     | Noticed Nergalle
  9960 | D:10     | Killed Nergalle
 10052 | D:10     | Got an ivory war axe
 10199 | D:11     | Noticed a boulder beetle
 10223 | D:11     | Received a gift from Trog
 10228 | D:11     | Killed a boulder beetle
 10229 | D:11     | Reached skill level 10 in Armour
 10239 | D:11     | Noticed a six-headed hydra
 10248 | D:11     | Killed a six-headed hydra
 11313 | D:11     | Noticed a seven-headed hydra
 11322 | D:11     | Killed a seven-headed hydra
 11323 | D:11     | Reached XP level 12. HP: 53/79 MP: 4/12
 11611 | D:11     | Noticed a two-headed ogre
 11617 | D:11     | Killed a two-headed ogre
 11618 | D:11     | Reached skill level 10 in Maces & Flails
 11731 | D:11     | Noticed a seven-headed hydra
 11740 | D:11     | Killed a seven-headed hydra
 12140 | D:11     | Noticed Snorg
 12150 | D:11     | Killed Snorg
 12315 | D:12     | Got a steaming dagger
 12346 | D:12     | Found Caal's Antique Armour Boutique.
 12491 | D:7      | Bought the amulet of Tempters {Reflect +Fly Will+ Str+3
                  | Dex+2 SH+5} for 662 gold pieces
 12590 | D:7      | Found a broken altar of Ashenzari.
 12590 | D:7      | Found a sacrificial altar of Ru.
 12593 | D:7      | Found an opulent altar of Gozag.
 12698 | D:12     | Found Hecuirr's General Store.
 12698 | D:12     | Found Tish's Weapon Boutique.
 13016 | D:12     | Noticed a two-headed ogre
 13026 | D:12     | Killed a two-headed ogre
 13117 | D:12     | Found a corrupted altar of Lugonu.
 14984 | D:13     | Noticed a two-headed ogre
 14987 | D:13     | Noticed a boulder beetle
 14990 | D:13     | Killed a two-headed ogre
 15008 | D:13     | Received a gift from Trog
 15010 | D:13     | Noticed a death knight
 15011 | D:13     | Killed a boulder beetle
 15018 | D:13     | Demolished by a death knight

Illustrated notes

Levels and vault maps discovered:
D:1:      minmay_arrival_four_circles, layout_rooms, serial_rivers,
          chequers_serial_rivers_room_b, chequers_serial_rivers_micro_b,
          chequers_serial_rivers_small_b, chequers_serial_rivers_large_a,
          chequers_serial_rivers_large_b, chequers_serial_rivers_small_a,
          serial_bayou_pond_c, serial_park_tiny_2
D:2:      layout_loops_ring, grunt_temple_overflow_open,
          serial_co_window_serial, co_window_paths_a, co_window_corner_a,
          co_window_corner_a, co_window_corner_a, co_window_corner_a,
          co_window_paths_a, co_window_paths_b, co_window_corner_b,
          co_window_cross_2, co_window_corner_b, co_window_corner_cb,
          co_window_corner_cb, co_window_2corner, co_window_corner_b,
          co_window_4corner_b
D:3:      layout_basic, nicolae_qazlal_eye_of_the_storm,
          nzn_hepliaklqana_mist_gate, yredelemnul_forgotten_temple_becter,
          roderic_serpentine_path, uniq_terence
D:4:      layout_layer_cave, nicolae_ossuary_entry_false_entrances,
          corexii_shack, kennysheep_generic_room_14, uniq_crazy_yiuf_cottage,
          uniq_duvessa
D:5:      layout_loops_ring, nemelex_xobeh_ov_fountains_minmay,
          lemuel_crystal_altar, nicolae_tso_carved_into_rock, uniq_pikel,
          uniq_edmund, uniq_eustachio
D:6:      layout_rooms, gup_sewer_entry_pipe, uniq_prince_ribbit1
D:7:      minmay_opposing_rooms, layout_gridville,
          nicolae_overflow_hidden_temple, minmay_temple_entry_statues_fountains,
          serial_shops, nicolae_shop_behind_doors, trog_three_pillars_becter,
          uniq_joseph
D:8:      layout_loops_ring, nicolae_overflow_crystal_walls,
          kennysheep_vampire_church, david_lair_generic, uniq_psyche
D:9:      layout_big_octagon, hiddenorc2_lemuel, serial_shops,
          nicolae_shop_waterfront, nicolae_shop_behind_doors, shop,
          nicolae_shop_crystal
D:10:     layout_cave_pools, basic_altar, st_stairs_6, grunt_decor_one_mirror,
          uniq_nergalle
D:11:     layout_grid_maze, minmay_misc_feat_more_columns, uniq_snorg
D:12:     layout_rooms, serial_bayou, serial_bayou_shore_a, serial_bayou_ford_a,
          serial_bayou_crossing, serial_bayou_lagoon_b, serial_bayou_pond_b,
          serial_bayou_lake_a, serial_shops, nicolae_shop_window_shopping, shop,
          nicolae_shop_crystal, tgw_lugonu_bribe
D:13:     layout_roguey [special_room_orc]

Skill      XL: |  1  2  3  4  5  6  7  8  9 10 11 12 |
---------------+-------------------------------------+-----
Dodging        | 2 3 4 5 6 8 9 |  9.4
Armour         | 3 4 6 7 9 10 11 | 11.2
Shields        | 1 2 3 4 |  4.0
Fighting       | 4 5 6 8 9 10 11 | 11.4
Maces & Flails | 4 5 7 8 9 11 | 11.3

Action                   |  1- 3 |  4- 6 |  7- 9 | 10-12 || total
-------------------------+-------+-------+-------+-------++-------
Melee: Mace              |    55 |       |       |       ||    55
       Flail             |     9 |   213 |   238 |       ||   460
       Dire flail        |       |       |   212 |   660 ||   872
       Great mace        |       |       |       |    10 ||    10
Invok: Berserk           |     2 |     3 |     3 |     6 ||    14
       Trog's Hand       |       |       |     1 |     3 ||     4
 Abil: Evoke Flight      |       |       |       |     2 ||     2
Evoke: Wand              |       |       |     3 |     6 ||     9
  Use: Scroll            |     2 |     3 |    12 |    10 ||    27
       Potion            |       |     2 |     1 |     1 ||     4
 Stab: Paralysed         |       |       |     7 |       ||     7
Armor: Animal skin       |     2 |       |       |       ||     2
       Plate armour      |    48 |   216 |   472 |       ||   736
       Scale mail        |       |       |    19 |   330 ||   349
Dodge: Dodged            |    36 |   112 |   270 |   507 ||   925
Block: Buckler           |     7 |    43 |    79 |       ||   129
       Other             |       |       |       |    57 ||    57
